Cogmind - Beta 12 @@@ ROGUE MODE // 2023.05.12 @ 12:23:52 Player: Mr Goldstein Result: Self-destructed Performance ------------- Evolutions (4) 2000 Regions Visited (6) 1200 Robots Destroyed (0) 0 Value Destroyed (0) 0 Prototype IDs (0) 0 Alien Tech Used (0) 0 Bonus (1325) 1325 TOTAL SCORE: 4525 Bonus ------- Pacifist 1325 Cogmind --------- Core Integrity 472/850 Matter 300/300 Energy 99/100 System Corruption 1% Temperature Cool (0) Movement Core (50) Location -6/Factory Parts ------- > --- POWER (1) -------- (None) > --- PROPULSION (6) --- (None) > --- UTILITY (6) ------ (None) > --- WEAPON (2) ------- (None) > --- INVENTORY (5) ---- Hardened Medium Armor Plating Hardened Medium Armor Plating Hardened Medium Armor Plating Hardened Medium Armor Plating Peak State ------------ > --- POWER ------------ (None) > --- PROPULSION ------- Light Treads Light Treads > --- UTILITY ---------- Medium Armor Plating > --- WEAPON ----------- (None) > --- INVENTORY -------- (None) [Rating: 4] Favorites ----------- Power Light Deuterium Engine Engine Light Deuterium Engine Propulsion Light Treads Treads Light Treads Utility Medium Armor Plating Protection Medium Armor Plating Weapon None Build | -11 -10 -10 -9 -8 -7 -6 ------- Run | Jun Mat Min Mat Mat Fac Fac Slots Evolved 8 | . . . 2 2 2 2 Power . | . . . . . . . Propulsion 4 | . . . 1 1 1 1 Utility 4 | . . . 1 1 1 1 Weapon . | . . . . . . . Parts Attached 6 | 2 3 . . 1 . . Power 1 | . . . . 1 . . Engine 1 | . . . . 1 . . Core . | . . . . . . . Reactor . | . . . . . . . Propulsion 4 | 2 2 . . . . . Treads 4 | 2 2 . . . . . Leg . | . . . . . . . Wheel . | . . . . . . . Hover . | . . . . . . . Flight . | . . . . . . . Utility 1 | . 1 . . . . . Device . | . . . . . . . Storage . | . . . . . . . Processor . | . . . . . . . Hackware . | . . . . . . . Protection 1 | . 1 . . . . . Artifact . | . . . . . . . Weapon . | . . . . . . . Energy Gun . | . . . . . . . Energy Cannon . | . . . . . . . Ballistic Gun . | . . . . . . . Ballistic Cannon . | . . . . . . . Launcher . | . . . . . . . Special Weapon . | . . . . . . . Impact Weapon . | . . . . . . . Slashing Weapon . | . . . . . . . Piercing Weapon . | . . . . . . . Special Melee Weapon . | . . . . . . . Unidentified Prototypes . | . . . . . . . Parts Lost 3 | . . . . 3 . . Power 1 | . . . . 1 . . Propulsion 2 | . . . . 2 . . Utility . | . . . . . . . Weapon . | . . . . . . . Highest Loss Streak 2 | . . . . 2 . . To Critical Strikes . | . . . . . . . Average Slot Usage (%) 13 | . 28 28 22 8 . . Treads 12 | . 28 28 22 6 . . Naked Turns 197 | . 1 . . 48 90 58 Heaviest Build 7 | . 7 . . 5 . . Greatest Support 40 | 40 40 3 3 3 3 3 Greatest Overweight (x) 2 | . 2 . . 1 . . Average Overweight (x) . | . . . . . . . Largest Inventory Capacity 5 | 5 5 5 5 5 5 5 Average Capacity 5 | 5 5 5 5 5 5 5 Most Carried 5 | . 4 4 4 5 4 4 Average Carried 3 | . . 4 4 4 4 4 Final Capacity 5 | 5 5 5 5 5 5 5 Final Carried 4 | . 4 4 4 4 4 4 Class Distribution -------------------- 100% | Mutant Dominant Class ---------------- Mutant | -10/Materials Mutant | -10/Mines Mutant | -9/Materials Mutant | -8/Materials Mutant | -7/Factory Mutant | -6/Factory Resources | -11 -10 -10 -9 -8 -7 -6 ----------- Run | Jun Mat Min Mat Mat Fac Fac Matter Collected 227 | 190 . 33 . 4 . . Remotely . | . . . . . . . Salvage Created . | . . . . . . . Parts . | . . . . . . . Haulers Intercepted . | . . . . . . . Recyclers Shooed . | . . . . . . . Parts Field Recycled . | . . . . . . . Retrieved Matter . | . . . . . . . Parts Self-Destructed . | . . . . . . . Prevented . | . . . . . . . Kills | -11 -10 -10 -9 -8 -7 -6 ------- Run | Jun Mat Min Mat Mat Fac Fac Combat Hostiles Destroyed . | . . . . . . . Classes Destroyed . | . . . . . . . Best Kill Streak . | . . . . . . . Combat Bots Only . | . . . . . . . Max Kills in Single Turn . | . . . . . . . Gunslinging . | . . . . . . . Exploded . | . . . . . . . Melee . | . . . . . . . Uniques/NPCs Destroyed . | . . . . . . . Combat | -11 -10 -10 -9 -8 -7 -6 -------- Run | Jun Mat Min Mat Mat Fac Fac Damage Taken 968 | . 5 7 175 401 2 378 Core 658 | . 1 7 64 206 2 378 Absorbed by Shields . | . . . . . . . Core Remaining (%) 88 | 100 . 96 84 62 99 . Volleys Fired . | . . . . . . . Largest . | . . . . . . . Hottest . | . . . . . . . Shots Fired . | . . . . . . . Gun . | . . . . . . . Cannon . | . . . . . . . Launcher . | . . . . . . . Special . | . . . . . . . Kinetic . | . . . . . . . Thermal . | . . . . . . . Explosive . | . . . . . . . Electromagnetic . | . . . . . . . Robot Hit Streak . | . . . . . . . Robot Miss Streak . | . . . . . . . Penetration Max . | . . . . . . . Secondary Targets . | . . . . . . . Shots Hit Robots . | . . . . . . . Core Hits 4 | . . . . 3 . 1 Critical Kills . | . . . . . . . Critical Parts Destroyed . | . . . . . . . Critical Strikes . | . . . . . . . Melee Attacks . | . . . . . . . Impact . | . . . . . . . Slashing . | . . . . . . . Piercing . | . . . . . . . Sneak Attacks . | . . . . . . . Combat Hostiles . | . . . . . . . Follow-up Attacks . | . . . . . . . Damage Inflicted 87 | . 11 14 . 49 4 9 Guns . | . . . . . . . Cannons . | . . . . . . . Explosions . | . . . . . . . Melee . | . . . . . . . Ramming 87 | . 11 14 . 49 4 9 Kinetic . | . . . . . . . Thermal . | . . . . . . . Explosive . | . . . . . . . Electromagnetic . | . . . . . . . Impact . | . . . . . . . Slashing . | . . . . . . . Piercing . | . . . . . . . Highest Corruption 2 | . . . . 2 . 1 Average Corruption 1 | . . . . 2 . 1 Corruption Purged . | . . . . . . . Corruption Blocked . | . . . . . . . Overload Shots . | . . . . . . . Overflow Damage . | . . . . . . . Projectiles . | . . . . . . . Explosions . | . . . . . . . Melee . | . . . . . . . Knockbacks . | . . . . . . . Impact . | . . . . . . . Kinetic . | . . . . . . . Secondary . | . . . . . . . Self-Inflicted Damage 41 | . 5 7 . 23 2 4 Shots . | . . . . . . . Rammed 14 | . 2 1 . 9 1 1 Targets Rammed 14 | . 2 1 . 9 1 1 Kicked . | . . . . . . . Crushed . | . . . . . . . Highest Temperature . | . . . . . . . Average Temperature . | . . . . . . . Received Heat Transfer 225 | . . . 36 171 . 18 Siege Activations . | . . . . . . . Robots Corrupted . | . . . . . . . Combat Hostiles . | . . . . . . . Parts Fried . | . . . . . . . Impact Corruptions . | . . . . . . . Robots Melted . | . . . . . . . Combat Hostiles . | . . . . . . . Parts Melted . | . . . . . . . Heat Transferred . | . . . . . . . Parts Sabotaged . | . . . . . . . Parts Stolen . | . . . . . . . Parts Stripped . | . . . . . . . Power Chain Reactions . | . . . . . . . Missiles Intercepted . | . . . . . . . Alert | -11 -10 -10 -9 -8 -7 -6 ------- Run | Jun Mat Min Mat Mat Fac Fac Peak Influence 105 | . 30 11 33 105 102 80 Initial 49 | . . 11 3 13 42 49 Average 37 | . 24 11 15 41 65 62 Maximum Alert Level . | . . . . . . . Low Security (%) 100 | 100 100 100 100 100 100 100 Level 1 . | . . . . . . . Level 2 . | . . . . . . . Level 3 . | . . . . . . . Level 4 . | . . . . . . . Level 5 . | . . . . . . . High Security . | . . . . . . . Max Security . | . . . . . . . Squads Dispatched 2 | . 1 . . 1 . . Investigation . | . . . . . . . Extermination . | . . . . . . . Reinforcement 2 | . 1 . . 1 . . Assault . | . . . . . . . Garrison . | . . . . . . . Intercept . | . . . . . . . Searches Triggered . | . . . . . . . Construction Impeded . | . . . . . . . Haulers Reinforced . | . . . . . . . Active Scanning Responses . | . . . . . . . Cargo Convoy Interrupts . | . . . . . . . Stealth | -11 -10 -10 -9 -8 -7 -6 --------- Run | Jun Mat Min Mat Mat Fac Fac Distress Signals 8 | . 1 . 2 2 1 2 Communications Jammed . | . . . . . . . Distress Signals . | . . . . . . . Times Spotted 47 | . 6 . 15 13 2 11 Peak Tracking Total 15 | . 3 . 15 8 2 14 Tactical Retreats 2 | . . . . 1 1 . Traps | -11 -10 -10 -9 -8 -7 -6 ------- Run | Jun Mat Min Mat Mat Fac Fac Traps Triggered 1 | . 1 . . . . . Indirectly . | . . . . . . . Trap Hack Attempts . | . . . . . . . Triggered . | . . . . . . . Disarmed . | . . . . . . . Reprogrammed . | . . . . . . . Reused . | . . . . . . . Traps Extracted . | . . . . . . . Installed . | . . . . . . . Triggered . | . . . . . . . Machines | -11 -10 -10 -9 -8 -7 -6 ---------- Run | Jun Mat Min Mat Mat Fac Fac Machines Disabled . | . . . . . . . Max in Single Turn . | . . . . . . . Machines Repaired . | . . . . . . . Machines Sabotaged . | . . . . . . . Overloaded Fab Kills . | . . . . . . . Hacking | -11 -10 -10 -9 -8 -7 -6 --------- Run | Jun Mat Min Mat Mat Fac Fac Machines Accessed 1 | . . . . . . 1 Terminals 1 | . . . . . . 1 Fabricators . | . . . . . . . Repair Stations . | . . . . . . . Recycling Units . | . . . . . . . Scanalyzers . | . . . . . . . Garrison Access . | . . . . . . . Total Hacks 1 | . . . . . . 1 Successful 1 | . . . . . . 1 Failed . | . . . . . . . Catastrophic . | . . . . . . . Database Lockouts . | . . . . . . . Manual . | . . . . . . . Terminals 1 | . . . . . . 1 Fabricators . | . . . . . . . Repair Stations . | . . . . . . . Recycling Units . | . . . . . . . Scanalyzers . | . . . . . . . Garrison Access . | . . . . . . . Terminal Hacks 1 | . . . . . . 1 Branch Access Points 1 | . . . . . . 1 Fabricator Hacks . | . . . . . . . Repair Station Hacks . | . . . . . . . Recycling Unit Hacks . | . . . . . . . Scanalyzer . | . . . . . . . Garrison Access Hacks . | . . . . . . . Unauthorized Hacks . | . . . . . . . Terminals . | . . . . . . . Fabricators . | . . . . . . . Repair Stations . | . . . . . . . Recycling Units . | . . . . . . . Scanalyzers . | . . . . . . . Garrison Access . | . . . . . . . Data Cores Recovered . | . . . . . . . Used . | . . . . . . . Hacking Detections 1 | . . . . . . 1 Full Trace Events . | . . . . . . . Feedback Events . | . . . . . . . Feedback Blocked . | . . . . . . . Robot Schematics Acquired . | . . . . . . . Robots Built . | . . . . . . . Authchips . | . . . . . . . Time . | . . . . . . . Total Robot Build Rating . | . . . . . . . Part Schematics Acquired . | . . . . . . . Parts Built . | . . . . . . . Authchips . | . . . . . . . Time . | . . . . . . . Total Part Build Rating . | . . . . . . . Parts Repaired . | . . . . . . . Time . | . . . . . . . Parts Recycled . | . . . . . . . Recycled Matter . | . . . . . . . Retrieved Matter . | . . . . . . . Retrieved Components . | . . . . . . . Parts Scanalyzed . | . . . . . . . Part Schematics Acquired . | . . . . . . . Parts Damaged . | . . . . . . . Bothacking | -11 -10 -10 -9 -8 -7 -6 ------------ Run | Jun Mat Min Mat Mat Fac Fac Used RIF Installer . | . . . . . . . Robots Hacked . | . . . . . . . Non-combat . | . . . . . . . Combat . | . . . . . . . Robot Hacks Applied . | . . . . . . . Relay Couplers Released . | . . . . . . . Fabnet Peak Effective % . | . . . . . . . Robots Rewired . | . . . . . . . Allies Hacked . | . . . . . . . Hacks Repelled . | . . . . . . . Allies | -11 -10 -10 -9 -8 -7 -6 -------- Run | Jun Mat Min Mat Mat Fac Fac Total Allies . | . . . . . . . Largest Group . | . . . . . . . Highest-Rated Group . | . . . . . . . Highest-Rated Ally . | . . . . . . . Total Orders . | . . . . . . . Ally Attacks . | . . . . . . . Total Damage . | . . . . . . . Kills . | . . . . . . . Allies Corrupted . | . . . . . . . Allies Melted . | . . . . . . . Intel | -11 -10 -10 -9 -8 -7 -6 ------- Run | Jun Mat Min Mat Mat Fac Fac Robot Analysis Total . | . . . . . . . Derelict Logs Recovered 2 | . . 2 . . . . Drone Launches . | . . . . . . . Drone Recoveries . | . . . . . . . Exploration | -11 -10 -10 -9 -8 -7 -6 ------------- Run | Jun Mat Min Mat Mat Fac Fac Turns Passed 480 | 15 65 81 40 131 90 58 Spaces Moved 848 | 20 99 159 80 200 177 113 Core 844 | 18 97 159 80 200 177 113 Treads 4 | 2 2 . . . . . Legs . | . . . . . . . Wheels . | . . . . . . . Hover . | . . . . . . . Flight . | . . . . . . . Fastest Speed 50 | 50 50 50 50 50 50 50 Average Speed 52 | 61 55 50 50 58 50 50 Slowest Speed 160 | 160 160 50 50 100 50 50 Overloaded Moves . | . . . . . . . Propulsion Burnouts . | . . . . . . . Robots Hopped . | . . . . . . . Cave-ins Triggered . | . . . . . . . Exploration Rate (%) 19 | 3 26 47 21 26 6 8 Regions Visited 6 Branch Regions 1 Pre-discovered Areas 1 | . . 1 . . . . Known Exits Taken 1 | . . 1 . . . . Unknown Exits Taken 5 | 1 1 . 1 1 1 . Scrap Searched 1 | . . 1 . . . . Spaces Dug . | . . . . . . . Terrain Destroyed . | . . . . . . . Melee . | . . . . . . . Projectile . | . . . . . . . AOE . | . . . . . . . Terrain Rammed . | . . . . . . . Walls Destroyed . | . . . . . . . Machines Disabled . | . . . . . . . Actions | -11 -10 -10 -9 -8 -7 -6 --------- Run | Jun Mat Min Mat Mat Fac Fac Total 876 | 21 107 159 79 219 177 114 Wait . | . . . . . . . Move 842 | 19 98 158 79 199 176 113 Hop . | . . . . . . . Pick Up 8 | . 3 . . 5 . . Fast Attach 6 | 2 3 . . 1 . . Attach . | . . . . . . . Detach 1 | . 1 . . . . . Swap . | . . . . . . . Drop 5 | . . . . 5 . . Fire . | . . . . . . . Melee . | . . . . . . . Ram 14 | . 2 1 . 9 1 1 Kick . | . . . . . . . Crush . | . . . . . . . Escape Stasis . | . . . . . . . Rewire . | . . . . . . . Trap . | . . . . . . . Miscellaneous . | . . . . . . . Route ------- -11/Junkyard -10/Materials -10/Mines (discovered 2 exits: *Mat x2) -9/Materials -8/Materials -7/Factory -6/Factory (discovered 2 exits: Low x2) History --------- Turn | Location | Event 9 | -11/Junkyard | Discovered new exit (range 14) 16 | -11/Junkyard | Entered Materials 73 | -10/Materials | Discovered new exit (range 16) 81 | -10/Materials | Entered Mines 145 | -10/Mines | Learned location of Zion (-7) 155 | -10/Mines | Discovered new exit (range 3) 159 | -10/Mines | Identified exit to Materials 162 | -10/Mines | Entered Materials 162 | -9/Materials | Evolved 2 slots: Propulsion x1, Utility x1 200 | -9/Materials | Discovered new exit (range 6) 202 | -9/Materials | Entered another Materials area 202 | -8/Materials | Evolved 2 slots: Propulsion x1, Utility x1 313 | -8/Materials | Build established: Mutant 330 | -8/Materials | Discovered new exit (range 5) 333 | -8/Materials | Entered Factory 333 | -7/Factory | Evolved 2 slots: Propulsion x1, Utility x1 416 | -7/Factory | Discovered new exit (range 9) 423 | -7/Factory | Entered another Factory area 423 | -6/Factory | Evolved 2 slots: Propulsion x1, Utility x1 434 | -6/Factory | Identified exit to Lower Caves 481 | -6/Factory | Self-destructed Last Messages --------------- GOAL=ESCAPE 00434_ Connecting with Terminal... 00434_ Current location identified: Factory >>Access(Branch) Found 2 branch access points: (135,80) Lower Caves (27,21) Lower Caves Map updated. 00444_ T-07 Excavator is excavating. 00445_ ALERT: All DSF locations entering lockdown mode. 00453_ K-01 Serf cleans the Recycling Unit. 00457_ K-01 Serf collects debris. 00457_ K-01 Serf cleans the Recycling Unit. 00471_ W-25 Informer sends out distress signal. 00475_ K-01 Serf collects debris. 00477_ Slammed into S-27 Virus. 00478_ W-25 Informer sends out distress signal. 00479_ C-30 ARC bursts open, deploying its payload. 00479_ H-66 Slayer unfolds itself. 00479_ Penetrated by Slug. Map ----- +----------------------------------------------------+ | # ????? # | | #?=???????# | | #?????????# | | ####### T########### #?????????# | | ?????????###??????????# #?????????# | | ????????????????#?????# !!! #?????????# | | ???????????????? !???# !!! #????????? | | ????????????????? ??# !!! #?????????? | | ?????????????????? ??# #???????????????? | | ?????????????????? ?# #???????????????? | | ??????????????????? ?# #???????????????? | | ???????????????????? # #???????????????? | | ????????????????????? # """" ##??????????????? | | ??????????????????????+ """" #??????????????? | | ??????????????????????# """" #??????????????? | | ?????????????"""??????# """" #??????????????? | | ?????????????? ?????# """" #??????????????? | | ???????????????? ????# s """" #??????????????? | | ???????????#######/#### %"""" ##?????????????? | | ??????????? "%" sss +?????????????? | | ?????????? " #?????????????? | | ?????????? +?????????????? | | ?????????? #?????????????? | | ?????????? #?????????????? | | ????????????#############;#+########?????????????? | | ???????????????????# @ #????????????????? | | ???????????????????# #????????????????? | | ???????????????????# ] #????????????????? | | ???????????????????# [ #????????????????? | | ???????????????????# #????????????????? | | ???????????????????# ! #????????????????? | | ???????????????????# #????????????????? | | ???????????????????# #????????????????? | | ???????????????????# #????????????????? | | ???????????????????# #????????????????? | | ???????????????????# ! #????????????????? | | ???????????????????# #????????????????? | | ???????????????????##############????????????????? | | ?????????????????????????????????????????????????? | | ?????????????????????????????????????????????????? | | ?????????????????????????????????????????????????? | | ?????????????????????????????????????????????????? | | ?????????????????????????????????????????????????? | | ?????????????????????????????????????????????????? | | ?????????????????????????????????????????????????? | | ?????????????????????????????????????????????????? | | ?????????????????????????????????????????????????? | | ?????????????????????????????????????????????????? | | ?????????????????????????????????????????????????? | | ?????????????????????????????????????????????????? | +----------------------------------------------------+ Best States ------------- Heat Dissipation 37 Energy Generation 14 Energy Capacity 140 Matter Stores 300 Matter Capacity 300 Sight Range 16 Terrain Scan Density 10 Evasion (%) 50 Item Schematics ----------------- None Robot Schematics ------------------ None Fabricated ------------ Nothing Alien Tech Used ----------------- None Achievements -------------- None Challenges ------------ None Game ------ Seed WarpExplosiveBeamcaster Manual? 0 Play Time 00:05:38 Cumulative 200.7 hours Start 2023.05.12 @ 12:17:59 End 2023.05.12 @ 12:23:52 Sessions 1 Manual Loads 0 Difficulty Rogue Special Mode None Game No. 570 Rogue 570 Adventurer 0 Explorer 0 Win Type - Total 9 Types 7/0/1/1/0/0/0/0/0 Lore% 79 Gallery% 77 Achievement% 71 Wizard Run 0 Options --------- ASCII 0 Keyboard 0 Movement Numpad Keybinds 0 Fullscreen 1 Font 16/SmallcapsGlow Map View 75x55 Tactical HUD 1 Map Filters NONE Filters NONE Steam 1 RUN: b1e2ff8d-1e54-456d-a1b8-4a34f8d7ec1a